 Dungeon Crawl Stone Soup version 0.31-a0-675-g238779eb0a (webtiles) character file.

Game seed: 11745603484498419194

833 qw the Skirmisher (level 7, 0/43 HPs)
             Began as a Gargoyle Hunter on Sept 5, 2023.
             Was a Follower of Okawaru.
             Slain by a troll (6 damage)
             ... on level 5 of the Dungeon.
             The game lasted 00:01:37 (3403 turns).

qw the Skirmisher (Gargoyle Hunter)                 Turns: 3403, Time: 00:01:37

Health: 0/43       AC: 13    Str: 12 (13) XL:     7   Next: 98%
Magic:  9/10       EV: 13    Int:  9      God:    Okawaru [*.....]
Gold:   436        SH:  0    Dex: 17 (19) Spells: 6/6 levels left

rFire   . . .        c - +0 orcbow
rCold   . . .        (shield currently unavailable)
rNeg    + . .        h - +0 ring mail
rPois   inf          f - +2 hat
rElec   +            (no cloak)
rCorr   .            (no gloves)
SInv    .            (no boots)
Will    .....        (no amulet)
Stlth   +++          (no ring)
HPRegen 0.27/turn    (no ring)
MPRegen 0.12/turn

%: no passive effects
@: about to teleport, heroic
A: sickness immunity, AC +4, negative energy resistance 1, electricity
resistance, torment resistance 1, petrification resistance, agile 1, high MP 1
a: Renounce Religion, Heroism


You were on level 5 of the Dungeon.
You worshipped Okawaru.
Okawaru was aware of your devotion.
You visited 1 branch of the dungeon, and saw 5 of its levels.

You collected 436 gold pieces.


Innate Abilities, Weirdness & Mutations

You are immune to sickness and miasma.
Your stone body is resilient. (AC +4)
You are immune to poison.
You resist negative energy. (rN+)
You are resistant to electric shocks. (rElec)
You are resistant to unholy torment.
You are immune to petrification.
You are agile. (Dex +4, Str/Int -1)
You have an increased reservoir of magic. (+10% MP)


   Skills:
 + Level 4.3(9.3) Fighting
 - Level 8.0(13.0) Ranged Weapons
 - Level 1.0(6.0) Armour
 - Level 1.5(6.5) Dodging
 - Level 1.1(6.1) Stealth
 + Level 3.8 Invocations


You had 6 spell levels left.
You didn't know any spells.
Your spell library was empty.

Inventory:

Hand Weapons
 c - a +0 orcbow (weapon)
 Y - a +1 shortbow
Armour
 f - a +2 hat (worn)
 h - a +0 ring mail (worn)
Scrolls
 a - 3 scrolls of teleportation
Potions
 b - a potion of haste {unknown}
 d - a potion of heal wounds
 g - a potion of enlightenment {unknown}
 i - 2 potions of mutation
 j - a potion of cancellation {unknown}

Dungeon Overview and Level Annotations

Branches:
Dungeon (5/15)             Temple (0/1) D:4

Altars:
Cheibriados
Dithmenos
Fedhas
Okawaru
Sif Muna
Trog
Vehumet
Wu Jian
The Shining One


Message History

An ufetubus comes into view.
You shoot an arrow.
The arrow hits the scorpion but does no damage.
The scorpion is lightly wounded.
The scorpion stings you.
You shoot an arrow.
The arrow hits the scorpion but does no damage.
The scorpion is lightly wounded.
The scorpion stings you.
You shoot an arrow. The arrow barely misses the scorpion.
The arrow hits the jelly!
You kill the jelly!
Okawaru accepts your kill.
The scorpion stings you but does no damage.
Your base Ranged Weapons skill increases to level 8!
You shoot an arrow. The arrow hits the scorpion.
The scorpion is moderately wounded.
The scorpion barely misses you.
The scorpion stings you but does no damage.
You shoot an arrow. The arrow barely misses the scorpion.
The arrow closely misses the troll.
The scorpion stings you.
You shoot an arrow. The arrow hits the scorpion!
The scorpion is almost dead.
The scorpion misses you.
You shoot an arrow. The arrow hits the scorpion.
You kill the scorpion!
Okawaru accepts your kill.
You feel your dexterity returning.
You shoot an arrow. The arrow hits the troll!
The troll is moderately wounded.
You shoot an arrow.
The arrow hits the troll but does no damage.
The troll is moderately wounded.
The troll bites you! The troll claws you. The troll claws you!
3403 ||| READING 4 scrolls of teleportation.
As you read the scroll of teleportation, it crumbles to dust.
You feel strangely unstable. The troll closely misses you. The troll claws you.
You die...

###.#.#..# #.........# #
##....#######.#.#.##.#
##...#.....#.#.#.##.# #
##....%.....#...#.##.###.#
###.#[.#########.##.......<#
.#.##..# .T....#.#####.#####
......)# ...J..'5# #.###
...##..# #T# #...#
....##.#########@# ##.#.#
....##..'.....#..####....#
.....%..#.....#..+.......#
....###)#######..###.....#
#..## #..#...#..## #.#.###
#.## ##.##.##.## #.### ..
#..#'#..# #.# . #......##
#<# #...#..# #.#


You could see a troll and an ufetubus.

Vanquished Creatures
  An ice beast (D:5)
  An ogre (D:5)
  A centaur (D:5)
  A phantom (D:5)
  A scorpion (D:5)
  A howler monkey (D:4)
  3 jellies
  3 iguanas
  A sleepcap (D:5)
  2 orc wizards
  Robin (D:3)
  An adder (D:5)
  A white imp (D:5)
  An ufetubus (D:4)
  2 worms (D:3)
  3 dart slugs
  9 orcs
  4 endoplasms
  2 giant cockroaches (D:4)
  13 goblins
  13 hobgoblins
  12 jackals
  5 quokkas
  3 ball pythons
  9 bats
  A frilled lizard (D:3)
  6 kobolds
  7 rats
108 creatures vanquished.

Notes
Turn   | Place    | Note
-------+----------+-------------------------------------------
     0 | D:1      | qw the Gargoyle Hunter began the quest for the Orb.
     0 | D:1      | Reached XP level 1. HP: 12/12 MP: 1/1
     0 | D:1      | 0 ||| qw: Version: 0.3-a-75-g829b12e
     0 | D:1      | 0 ||| qw: Game counter: 179
     0 | D:1      | 0 ||| qw: Melee chars always use a shield: true
     0 | D:1      | 0 ||| qw: God list: Okawaru
     0 | D:1      | 0 ||| qw: Allow faded altars: false
     0 | D:1      | 0 ||| qw: Do Orc after clearing Dungeon:15 true
     0 | D:1      | 0 ||| qw: Do second Lair branch before Depths: true
     0 | D:1      | 0 ||| qw: Lair rune preference: random
     0 | D:1      | 0 ||| qw: Goals: Normal
     0 | D:1      | 0 ||| PLANNING D:1-11
   119 | D:1      | Reached XP level 2. HP: 17/17 MP: 2/2
   504 | D:1      | Reached XP level 3. HP: 21/21 MP: 3/3
   558 | D:1      | Reached skill level 5 in Ranged Weapons
  1003 | D:1      | 1003 ||| UPGRADING to +2 hat.
  1008 | D:1      | 1008 ||| READING 2 scrolls labelled QOGI JOES REG.
  1011 | D:1      | 1011 ||| READING scroll labelled KACVUW VUAMEY.
  1012 | D:1      | 1012 ||| READING scroll labelled EQANEANAFO.
  1013 | D:1      | 1013 ||| DROPPING scroll of butterflies.
  1172 | D:2      | Reached skill level 3 in Fighting
  1348 | D:2      | Reached XP level 4. HP: 28/28 MP: 4/4
  1453 | D:2      | Identified the +5 whip of War {holy, rF+ rN++ Str+2}
  1458 | D:2      | 1458 ||| UPGRADING to +0 ring mail.
  1468 | D:2      | 1468 ||| DROPPING +0 leather armour.
  1513 | D:3      | Reached skill level 1 in Armour
  1513 | D:3      | Noticed Robin
  1532 | D:3      | Killed Robin
  1660 | D:3      | Found an iron altar of Okawaru.
  1661 | D:3      | 1661 ||| PLANNING OKAWARU WORSHIP
  1661 | D:3      | 1661 ||| DRINKING 2 golden potions.
  1670 | D:3      | Became a worshipper of Warmaster Okawaru
  1671 | D:3      | 1671 ||| PLANNING D:1-11
  1901 | D:3      | 1901 ||| FLEEEEING.
  1902 | D:3      | 1902 ||| FLEEEEING.
  1904 | D:3      | 1904 ||| STAIRDANCE
  1915 | D:2      | 1915 ||| READING scroll labelled DEZITW HUQOBEL.
  2016 | D:2      | 2016 ||| DRINKING 3 fizzy brown potions.
  2017 | D:2      | 2017 ||| DROPPING 2 potions of attraction.
  2020 | D:3      | 2020 ||| STAIRDANCE
  2081 | D:3      | Found a radiant altar of Vehumet.
  2317 | D:4      | Reached XP level 5. HP: 24/32 MP: 5/5
  2352 | D:4      | Found a shimmering blue altar of Sif Muna.
  2352 | D:4      | Found a glowing golden altar of the Shining One.
  2353 | D:4      | Found an ornate altar of the Wu Jian Council.
  2370 | D:4      | Reached skill level 6 in Ranged Weapons
  2386 | D:4      | Found a snail-covered altar of Cheibriados.
  2387 | D:4      | Found a bloodstained altar of Trog.
  2437 | D:4      | Found a blossoming altar of Fedhas.
  2478 | D:4      | Reached XP level 6. HP: 18/38 MP: 6/6
  2484 | D:4      | Reached * piety under Okawaru
  2746 | D:4      | Found a staircase to the Ecumenical Temple.
  2770 | D:4      | Found a shadowy altar of Dithmenos.
  2794 | D:4      | 2794 ||| INVOKING Heroism.
  2948 | D:4      | 2948 ||| DROPPING ring of wizardry.
  2949 | D:4      | 2949 ||| READING scroll labelled ORATAA SUTT.
  2950 | D:4      | 2950 ||| READING scroll labelled QAOV GEEDD.
  2951 | D:4      | 2951 ||| READING scroll labelled DUIFIU POEFYU.
  2952 | D:4      | 2952 ||| DRINKING 2 viscous green potions.
  2962 | D:4      | 2962 ||| DRINKING 2 emerald potions.
  2963 | D:4      | 2963 ||| DRINKING 2 fuming clear potions.
  2963 | D:4      | Gained mutation: You have an increased reservoir of magic.
                  | (+10% MP) [potion of mutation]
  2963 | D:4      | Gained mutation: You are agile. (Dex +4, Str/Int -1)
                  | [potion of mutation]
  2964 | D:4      | 2964 ||| DROPPING potion of ambrosia.
  2965 | D:4      | 2965 ||| DROPPING potion of degeneration.
  2995 | D:5      | Entered Level 5 of the Dungeon
  2995 | D:5      | Noticed an ice beast
  3008 | D:5      | Killed an ice beast
  3009 | D:5      | Reached skill level 7 in Ranged Weapons
  3088 | D:5      | Reached skill level 1 in Invocations
  3088 | D:5      | Reached XP level 7. HP: 36/43 MP: 6/8
  3097 | D:5      | 3097 ||| INVOKING Heroism.
  3161 | D:5      | 3161 ||| INVOKING Heroism.
  3195 | D:5      | 3195 ||| RETREATING.
  3198 | D:5      | 3198 ||| Stepping ~*~*~tactically~*~*~ (retreating).
  3312 | D:5      | 3312 ||| Stepping ~*~*~tactically~*~*~ (outnumbered).
  3319 | D:5      | 3319 ||| INVOKING Heroism.
  3324 | D:5      | Reached skill level 3 in Invocations
  3389 | D:5      | Noticed a troll
  3390 | D:5      | 3390 ||| RETREATING.
  3391 | D:5      | 3391 ||| SWAPPING to +0 orcbow.
  3393 | D:5      | 3393 ||| INVOKING Heroism.
  3397 | D:5      | Reached skill level 8 in Ranged Weapons
  3402 | D:5      | HP: 6/43 [troll (10)]
  3403 | D:5      | 3403 ||| READING 4 scrolls of teleportation.
  3403 | D:5      | Slain by a troll

Levels and vault maps discovered:
D:1:      dpeg_arrival_refuge, layout_basic, minmay_misc_feat_alley,
          kennysheep_minor_cross
D:2:      layout_rooms
D:3:      layout_basic, fiery_altar_vehumet, okawaru_gym_becter, uniq_robin
D:4:      layout_rooms, lemuel_tele_altar, mainiacjoe_overflow_paths,
          grunt_temple_overflow_open, minmay_temple_entry_purple_smoke
D:5:      layout_loops_corners, st_stairs_8, minmay_divided_ellipse

Skill      XL: |  1  2  3  4  5  6  7 |
---------------+----------------------+-----
Ranged Weapons | 5 6 7 8 |  8.0
Fighting       | 3 4 |  4.3
Armour         | 1 |  1.0
Invocations    | 1 3 |  3.8
Dodging        | |  1.5
Stealth        | |  1.1

Action                     |  1- 3 |  4- 6 |  7- 9 || total
---------------------------+-------+-------+-------++-------
   Fire: Shortbow          |   116 |   217 |    60 ||   393
         Orcbow            |       |       |    10 ||    10
 Invoke: Heroism           |       |     1 |     4 ||     5
    Use: Scroll            |     3 |     4 |     1 ||     8
         Potion            |       |     5 |       ||     5
 Armour: Leather armour    |    30 |       |       ||    30
         Ring mail         |       |   119 |    70 ||   189
  Dodge: Dodged            |    30 |   104 |    21 ||   155

Table legend:
 A = Non-vault XP
 B = Vault XP
 C = Vault XP percentage of total XP
 D = Non-vault monster count
 E = Vault monster count
 F = Vault count percentage of total count
                 A         B        C        D         E       F
            +---------+---------+-------+---------+---------+-------
      Total |     698 |     492 |  41.3 |      89 |      19 |  17.6
            +---------+---------+-------+---------+---------+-------
        D:1 |      55 |       0 |   0.0 |      32 |       0 |   0.0
        D:2 |      32 |       0 |   0.0 |      15 |       0 |   0.0
        D:3 |      33 |      34 |  50.7 |      13 |      11 |  45.8
        D:4 |     303 |       0 |   0.0 |      26 |       0 |   0.0
        D:5 |     275 |     458 |  62.5 |       3 |       8 |  72.7
            +---------+---------+-------+---------+---------+-------
